Map: Desfiladeiro Seco

Players

ReVoLuTioN

  • Race: Terran Terran
  • League: Diamond
  • Spawn Location: 5:00

Manganez

  • Race: Zerg Zerg
  • Spawn Location: 3:00

MarKz - Winner!

  • Race: Terran Terran
  • Spawn Location: 9:00

IagoAbreu - Winner!

  • Race: Zerg Zerg
  • League: Gold
  • Spawn Location: 11:00

VOD

Have the link to the VOD?

Description

Time

  • Played on: April 8, 2018, 4:21 p.m.
  • Length: 8:33
Show
View Real Time Build Order
Export as new Build Order

ReVoLuTioN Terran 

Build Orders:  

Get SALT Encoding   

  12  0:01  SCV  
  13  0:13  SCV  
  14  0:18  Supply Depot  
  14  0:26  Refinery  
  14  0:29  SCV  
  15  0:41  SCV  
  16  0:53  SCV  
  16  0:56  Barracks  
  17  1:05  SCV  
  17  1:10  Refinery  
  18  1:17  SCV  
  19  1:29  SCV  
  20  1:43  Orbital Command  
  20  1:44  Barracks Tech Lab  
  20  1:46  Factory  
  20  2:03  Marauder, Concussive Shells  
  22  2:09  SCV  
  22  2:14  Barracks  
  23  2:21  SCV  
  24  2:25  Marauder  
  26  2:33  Factory Tech Lab  
  26  2:35  SCV  
  27  2:47  SCV, Supply Depot  
  28  2:57  Siege Tank  
  31  3:01  Barracks Reactor  
  31  3:09  Marauder  
  33  3:29  Siege Tank  
  33  3:30  Marauder  
  38  3:38  Marine x2  
  40  3:41  Supply Depot  
  40  3:52  Marauder  
  42  3:55  Marine  
  42  3:56  Marine  
  42  4:01  Cyclone  
  41  4:22  Marauder  
  36  4:37  Marine, Siege Tank  
  36  4:38  Marine  
  41  4:43  Marauder  
  43  4:55  Marine x2  
  45  5:05  Marauder  
  34  5:30  Siege Tank  
  34  5:31  Marauder  
  34  5:32  Marine x2  
  32  5:53  Marauder  
  30  6:12  Cyclone  
  30  6:14  Marauder  
  29  6:52  Marine x2, Siege Tank  
  29  6:53  Marauder  
  36  6:59  SCV  
  33  7:10  Marine x2  
  33  7:15  Marauder  
  18  7:24  SCV  
  17  7:36  SCV  
  18  7:48  SCV  
  16  7:52  Marauder  
  18  8:00  SCV  
  17  8:12  SCV  
Show
View Real Time Build Order
Export as new Build Order

Manganez Zerg 

Build Orders: Pool First 

Get SALT Encoding   

  12  0:01  Drone  
  13  0:23  Spawning Pool  
  12  0:35  Drone x2  
  14  0:40  Overlord  
  14  0:49  Extractor  
  13  1:29  Extractor  
  12  1:43  Queen  
  12  1:46  Overlord  
  14  1:48  Hatchery  
  13  1:55  Drone x2  
  15  2:43  Lair  
  15  2:45  Drone x3  
  18  3:00  Drone  
  19  3:08  Drone x3  
  22  3:20  Drone  
  23  3:37  Queen  
  23  3:38  Drone x2  
  27  3:49  Hydralisk Den  
  17  4:13  Zergling x14  
  17  4:14  Zergling x2  
  17  4:15  Zergling x2  
  13  4:41  Drone x2  
  15  4:54  Drone x2  
  14  5:23  Drone x3  
  10  6:12  Hydralisk x3  
  10  6:13  Hydralisk  
  16  7:12  Spawning Pool  
Show
View Real Time Build Order
Export as new Build Order

MarKz Terran - Winner!

Build Orders:  

Get SALT Encoding   

  12  0:02  SCV  
  13  0:18  Supply Depot  
  13  0:20  SCV  
  14  0:32  SCV  
  15  0:45  SCV  
  16  0:50  Barracks  
  16  0:58  SCV, Barracks  
  17  1:11  SCV  
  18  1:14  Supply Depot  
  18  1:29  SCV  
  19  1:37  Supply Depot  
  19  1:39  Marine  
  20  1:41  SCV  
  20  1:42  Refinery  
  21  1:51  Marine  
  21  1:53  SCV  
  23  1:57  Marine  
  24  2:03  Supply Depot  
  24  2:06  SCV  
  25  2:09  Marine  
  25  2:14  Marine  
  27  2:23  Barracks  
  27  2:31  Orbital Command  
  27  2:33  Barracks Reactor  
  27  2:35  Engineering Bay  
  27  2:45  Barracks Tech Lab  
  27  3:07  Refinery  
  27  3:12  Marine x4  
  29  3:18  Supply Depot  
  31  3:20  Terran Infantry Weapons Level 1  
  31  3:30  Marine x3  
  31  3:32  SCV  
  35  3:44  SCV  
  35  3:45  Barracks Reactor  
  35  3:48  Marine x2  
  38  4:06  Marine x3  
  41  4:10  Missile Turret  
  41  4:11  SCV  
  39  4:23  SCV  
  39  4:24  Marine x5  
  39  4:38  Stimpack  
  39  4:41  Marine x2  
  39  4:42  Marine, Marauder  
  44  5:04  Marauder  
  45  5:14  Terran Infantry Armor Level 1  
  45  5:26  Command Center  
  28  6:10  Marine x3, Marauder  
  28  6:11  Marine  
  34  6:16  SCV  
  35  6:23  Factory  
  35  6:28  Marine x4, SCV  
  35  6:31  Marauder  
  42  6:39  Concussive Shells  
  42  6:40  SCV  
  42  6:42  Orbital Command  
  43  6:53  Marauder  
  43  6:54  Marine x4  
  49  7:03  SCV  
  50  7:09  SCV  
  50  7:11  Marine  
  50  7:12  Marine x3  
  50  7:14  Marauder  
  50  7:15  SCV  
  58  7:21  SCV  
  59  7:27  SCV  
  59  7:29  Marine x2  
  60  7:33  SCV  
  60  7:35  Marauder  
  65  7:41  Marine x2, Starport  
  67  7:47  Marine x2  
  62  7:57  Marauder  
  64  8:06  Marine x4  
Show
View Real Time Build Order
Export as new Build Order

IagoAbreu Zerg - Winner!

Build Orders: Pool First 

Get SALT Encoding   

  12  0:02  Drone  
  13  0:19  Overlord  
  13  0:32  Spawning Pool  
  13  0:35  Drone  
  13  0:40  Drone  
  14  1:05  Drone x3  
  17  1:23  Queen  
  17  1:25  Drone  
  20  1:38  Hatchery  
  20  1:39  Overlord  
  19  1:43  Drone  
  20  1:53  Extractor  
  19  2:04  Queen  
  19  2:08  Drone x2  
  23  2:11  Extractor  
  23  2:12  Drone  
  23  2:32  Zergling x2  
  23  2:36  Zergling x2  
  25  2:53  Drone  
  26  3:01  Drone x3  
  29  3:14  Drone x2  
  31  3:21  Zergling x2  
  31  3:22  Zergling x6  
  35  3:31  Zergling x2  
  35  3:32  Overlord  
  36  3:49  Hatchery  
  35  4:02  Hatchery  
  32  4:19  Zergling x8  
  32  4:20  Zergling x10  
  32  4:22  Metabolic Boost  
  40  4:26  Evolution Chamber  
  40  4:27  Queen  
  40  4:32  Queen  
  37  5:10  Zergling x12  
  37  5:11  Zergling x12  
  48  5:29  Zergling x4  
  48  5:30  Zergling x8  
  54  5:38  Zerg Melee Weapons Level 1  
  52  6:30  Drone x4  
  52  6:31  Drone x2  
  52  6:33  Drone  
  52  6:34  Drone x4  
  52  6:36  Burrow  
  52  6:37  Overlord x2  
  51  7:11  Zergling x14  
  51  7:12  Zergling x12  
  51  7:13  Zergling x6  
  51  7:14  Zergling x2  
  63  7:28  Zergling x2  
  63  7:29  Zergling x12  
  65  7:30  Zergling x2  
Tags
 
Add a new tag
Caveats
  • Supply blocks, unpowered buildings, or Contaminate may cause inaccurate times.
  • Supply counts are checked every 10 seconds.